 Dungeon Crawl Stone Soup version 0.29.1-2-gbd0b4ee654 (webtiles) character file.

Game seed: 11302175754987759687

53 qeuew the Slasher (level 3, 0/27 HPs)
             Began as a Demonspawn Gladiator on Nov 3, 2022.
             Slain by an endoplasm (2 damage)
             ... on level 2 of the Dungeon.
             The game lasted 00:01:43 (2065 turns).

qeuew the Slasher (Demonspawn Gladiator)            Turns: 2065, Time: 00:01:43

Health: 0/27       AC:  4    Str: 14    XL:     3   Next: 64%
Magic:  3/3        EV: 12    Int:  9    God:
Gold:   102        SH:  0    Dex: 16    Spells: 2/2 levels left

rFire   . . .      SeeInvis .   a - +0 long sword
rCold   . . .      Faith    .   (no shield)
rNeg    . . .      Spirit   .   b - +0 leather armour
rPois   .          Reflect  .   c - +0 helmet
rElec   .          Harm     .   (no cloak)
rCorr   .          Rampage  .   (no gloves)
Will    .....                   (no boots)
Stlth   +.........              (no amulet)
HPRegen 0.09/turn               (no ring)
MPRegen 0.08/turn               (no ring)

@: lethally poisoned (0 -> -10)
A: claws 1
a: no special abilities


You were on level 2 of the Dungeon.
You visited 1 branch of the dungeon, and saw 2 of its levels.

You collected 148 gold pieces.
You spent 46 gold pieces at shops.

Inventory:

Hand Weapons
 a - a +0 long sword (weapon)
Missiles
 d - 3 throwing nets (quivered)
 e - a javelin
Armour
 b - a +0 leather armour (worn)
 c - a +0 helmet (worn)
Scrolls
 f - a scroll of identify
Potions
 g - 2 potions of mutation
 h - a potion of cancellation
 i - a potion of heal wounds


   Skills:
 + Level 2.1 Fighting
 + Level 3.3 Long Blades
 + Level 1.7 Throwing
 * Level 1.8 Armour
 + Level 3.0 Dodging
 + Level 0.2 Stealth


You had 2 spell levels left.
You didn't know any spells.
Your spell library contained the following spells:

 Spells                   Type           Power      Damage    Failure   Level
 Ensorcelled Hibernation  Hex/Ice        0%         N/A       58%         2
 Passwall                 Tmut/Erth      0%         N/A       58%         2
 Swiftness                Air            0%         N/A       83%         3


Dungeon Overview and Level Annotations

Branches:
Dungeon (2/15)

Altars:

Shops:
D:2 *


Innate Abilities, Weirdness & Mutations

You have sharp fingernails.


Message History

The adder bites you. The adder misses you.
You barely miss the adder.
The adder is lightly wounded.
The adder barely misses you. The goblin closely misses you.
The adder bites you but does no damage.
You barely miss the adder.
The adder is lightly wounded.
The goblin barely misses you. The adder misses you.
The endoplasm hits you but does no damage.
The goblin completely misses you.
You closely miss the adder.
The adder is lightly wounded.
The adder bites you.
You are poisoned.
The adder poisons you! The endoplasm misses you.
The goblin hits you with a +0 dagger. The adder bites you but does no damage.
You barely miss the adder.
The adder is lightly wounded.
You feel very sick. The adder bites you. The endoplasm freezes you.
You are frozen.
The goblin barely misses you.
You barely miss the adder.
The adder is lightly wounded.
You feel sick. The adder bites you.
You are more poisoned.
The adder poisons you! The endoplasm freezes you.
You are frozen.
The goblin hits you with a +0 dagger. The adder bites you but does no damage.
The adder attacks as you move away! The adder closely misses you.
* * * LOW HITPOINT WARNING * * *
You feel sick. The goblin hits you with a +0 dagger.
* * * LOW HITPOINT WARNING * * *
The adder attacks as you move away! The adder bites you.
* * * LOW HITPOINT WARNING * * *
You are more poisoned.
The adder poisons you! The endoplasm attacks as you move away!
The endoplasm hits you.
You die...

#.##...# #.#
## ##.###.##
#.# .>##
#.......# #.#
...######.####
#.. #... #.#
.########..
#.##..####.#
......)....
...".. #.#
.########.#
.#.###.S###.#
#†#
...!...J@...#
#.#
.......g#####
#.. .#..###.#
### #. ...
.#.. ..#..# #.
#..# .. #...


You could see an adder, an endoplasm and a goblin.

Vanquished Creatures
  An adder (D:2)
  2 dart slugs
  4 ball pythons
  A giant cockroach (D:1)
  2 hobgoblins (D:1)
  8 kobolds
  4 quokkas (D:1)
  9 bats
  2 frilled lizards (D:1)
  3 goblins
  2 rats (D:1)
38 creatures vanquished.

Notes
Turn   | Place    | Note
-------+----------+-------------------------------------------
     0 | D:1      | qeuew the Demonspawn Gladiator began the quest for the Orb.
     0 | D:1      | Reached XP level 1. HP: 16/16 MP: 1/1
   411 | D:1      | Reached skill level 1 in Armour
   412 | D:1      | Gained mutation: You have sharp fingernails. [demonic
                  | ancestry]
   412 | D:1      | Reached XP level 2. HP: 22/22 MP: 2/2
   935 | D:1      | Found a faded altar of an unknown god.
  1181 | D:1      | Reached XP level 3. HP: 27/27 MP: 3/3
  1345 | D:2      | Found Zoda's Assorted Antiques.
  1357 | D:2      | Bought a scroll of identify for 46 gold pieces
  2065 | D:2      | Slain by an endoplasm

Illustrated notes

Levels and vault maps discovered:
D:1:      minmay_arrival_stone_box, layout_loops_corners,
          dreamdust_ecumenical_altar_grove
D:2:      layout_basic, serial_shops, shop_coins, grunt_decor_fettered

Skill      XL: |  1  2  3 |
---------------+----------+-----
Armour         | 1 |  1.8
Long Blades    | 3 |  3.3
Dodging        | 3 |  3.0
Fighting       | |  2.1
Throwing       | |  1.7
Stealth        | |  0.2

Action                   || total
-------------------------++-------
Melee: Long sword        ||   129
       Punch             ||     3
  Use: Scroll            ||     3
 Stab: Sleeping          ||     2
Armor: Leather armour    ||    50
Dodge: Dodged            ||   116
